Jeanne, lawful female human Knight ------------------- ||.|.(.h...[......| --|...|-----------)%| }}}}}}}}}}} |........| |..%|*.}} }}}}}}}} }}}}}}}......}} }}}}} ------- |.||.|.O.---|.|.).}} }}}} ......%}}}}}}..^........- ..}}}}} |.([..| ||.||.&|)..------}.}} }.(.....%---.......----..---.-- --.....- |[[)[.| |---------)..|..}}}^}} ||.||.||.((---------..--- |.| |....--- |/[.[.|--..L@H.---%^....}}}}.--------(.........| |.......----[----...-- |[.().|...----..-)....|}}}}.....| |(|...(|---- |.*.--.....[.......-| |(.().)....--D..|.....|}}}}--...| |(......| |..^--..............---- |.....|--......---.).-| |...-- |..||[.| -...............*%%.<.---- |.....|.|------| |..%.- }..*..-- -----..- ------..--------....)_[......| |....%|.|......| |...(.| }......--- .0).---.*---##- ------))......| |...._-....---.| |....(-- }}...|...| ....)...[[....----------- ----..---- -----------| |%| |-..|(.# }...|...-- ...-----....).[[........---- ---- |.%.%..| |.| |(.((.--- }}.......------- ---------.[---......------- |.|.|).| |.| --....||| }}.............| |....^..---- |-)...)......|-- ----|.|.--^---.| |||..(.| }}}--..........-----.-----....---........---.|.| |>..-%|..|).(..| ||)|..-- |................| |......).....)..| |...| ---------------- ------- ------------------ ----------------- ----- Jeanne the Chevaliere Experience level: 23 Strength: 25 Dexterity: 16 Constitution: 18 Intelligence: 7 Wisdom: 20 Charisma: 16 Health: 0(151) Energy: 190(190) AC: -18 Gold: 0 Moves: 84377 Your Inventory: Amulets u - an uncursed amulet of reflection (being worn) Weapons a - the blessed rustproof +4 Excalibur (weapon in hand) K - a cursed +0 silver saber Armor c - a blessed fireproof +4 pair of speed boots (being worn) j - a [blessed] +5 Hawaiian shirt (being worn) w - a blessed rustproof +2 pair of gauntlets of power (being worn) M - a cursed +0 acid dragon scale mail (being worn) T - an uncursed fireproof +5 cloak of magic resistance (being worn) U - the uncursed thoroughly rusty very corroded +4 Mitre of Holiness (being worn) Comestibles m - an [uncursed] lizard corpse A - 10 [uncursed] C-rations Potions Q - 3 cursed potions of extra healing Rings f - an [uncursed +1] ring of gain wisdom i - an uncursed ring of levitation (on left hand) P - a [cursed] ring of invisibility Y - a cursed ring of polymorph control Z - an uncursed ring of teleport control (on right hand) Wands b - an [uncursed] rusty wand of lightning [0:4] d - a cursed rusty wand of lightning [0:3] k - a cursed wand of teleportation [0:6] l - an [uncursed] wand of digging [0:3] n - a cursed wand of create monster [0:14] o - a cursed wand of cold [0:4] p - a cursed wand of teleportation [0:5] q - an [uncursed] wand of digging [0:8] r - an [uncursed] wand of magic missile [0:2] t - a cursed wand of undead turning [0:5] v - an uncursed wand of cold (0:8) x - an uncursed wand of lightning [0:8] y - an [uncursed] wand of fire [0:7] I - a cursed wand of fire [0:1] J - a cursed rusty wand of lightning [0:6] L - an [uncursed] wand of fire [0:5] O - an [uncursed] wand of magic missile [0:5] R - an [uncursed] wand of make invisible [0:5] V - an [uncursed] wand of digging [0:5] X - an [uncursed] wand of lightning [0:0] Tools B - a [cursed] rusty key [skeleton key] E - the blessed Magic Mirror of Merlin F - a cursed silver bell [(Bell of Opening) (0:3)] G - an uncursed bag of holding Contents of the bag of holding: 5199 gold pieces an uncursed +5 lance an uncursed +0 set of reflecting dragon scales 2 cursed carrots 2 [uncursed] fortune cookies 9 [uncursed] lizard corpses an [uncursed] tin [of plains centaur meat] an [uncursed] scroll of create monster a [cursed] scroll of enchant weapon an [uncursed] scroll of flood a [cursed] scroll of food detection a [cursed] scroll of identify 2 [uncursed] scrolls of identify an uncursed scroll of stinking cloud 3 [cursed] scrolls of teleportation a [blessed] scroll of teleportation 2 [uncursed] unlabeled scrolls [of blank paper] an [uncursed] spellbook of dig a [blessed] diluted potion of healing a [blessed] pink potion [of levitation] a [cursed] potion called a [of blood] 3 [uncursed] potions called a [of blood] a [cursed] potion of booze a [blessed] potion of fruit juice an [uncursed] potion of gain level 3 [uncursed] potions of invisibility a [blessed] potion of object detection 4 [uncursed] potions of object detection an [uncursed] potion of paralysis an [uncursed] potion of restore ability an [uncursed] potion of see invisible an [uncursed] potion of sickness a potion of [unholy] water a blessed +1 ring of adornment an uncursed ring of conflict an [uncursed] ring of conflict an [uncursed +1] ring of increase damage a [cursed] ring of invisibility a [cursed] ring of polymorph an uncursed ring of regeneration an [uncursed] ring of searching an [uncursed] ring of searching an [uncursed] wand of cold [0:2] an [uncursed] wand of create monster [0:10] an [uncursed] wand of create monster [0:14] an [uncursed] wand of lightning [0:3] an [uncursed] wand of magic missile [0:8] an [uncursed] wand of magic missile [0:6] an [uncursed] wand of magic missile [0:0] an [uncursed] wand of magic missile [0:2] an [uncursed] wand of magic missile [0:5] an [uncursed] wand of make invisible [0:6] a [blessed] wand of make invisible [0:7] a cursed wand of striking [0:2] an [uncursed] wand of striking [0:2] an [uncursed] wand of undead turning [0:7] Spells known in the end: Name Level Category Fail Memory a - force bolt 1* attack 66% [........] b - detect monsters 1* divination 66% [........] c - magic missile 2! attack 66% [|.......] d - cause fear 3* enchantment 70% [........] e - clairvoyance 3* divination 70% [........] f - sleep 1* enchantment 66% [........] g - turn undead 6* clerical 94% [........] h - detect food 2* divination 66% [........] i - restore ability 4* healing 93% [........] j - levitation 4* escape 100% [........] k - create monster 2 clerical 66% [|||.....] l - charm monster 3 enchantment 70% [|||.....] m - light 1* divination 66% [........] n - fireball 4 attack 68% [||......] o - teleport away 6 escape 100% [||......] p - healing 1 healing 48% [||......] q - drain life 2 attack 66% [||......] r - jumping 1 escape 66% [||......] s - dig 5 matter 100% [||||||..] Your skills at the end: Fighting Skills two weapon combat [Skilled / Skilled] riding [Expert / Expert] body armor [Expert / Expert] shield [Skilled / Expert] Weapon Skills long sword [Expert / Expert] lance [Basic / Expert] Spellcasting Skills attack spells [Basic / Skilled] clerical spells [Basic / Skilled] Final Attributes: You were piously aligned. Hunger level was 1279. Your alignment was 431 / 431. Monster difficulty range was 4 - 26. Level difficulty was 29. You were immune to fire. You resisted cold. You resisted sleep. You resisted disintegration. You resisted electricity. You were immune to level-drain. You were magic-protected. You were immune to acid. You saw invisible. You were telepathic. You had automatic searching. You could jump. You had teleport control. You were levitating. You were very fast. You had reflection. Your luck was zero. You are dead. Vanquished creatures: Asmodeus Yeenoghu Juiblex an arch-lich 3 mastodons 2 vorpal jabberwocks Medusa a kraken 7 iron golems a master lich 4 ki-rin 11 storm giants 3 glass golems 4 balrogs 6 purple worms 4 amphiteres 3 sarkanies 10 tatzelworms 2 drakens 2 wyverns 4 leviathans a gold dragon 3 sirrushes 2 guivres 8 lindworms a minotaur 8 jabberwocks Ixoth 8 baluchitheria an Angel 5 demiliches 7 stone golems 12 master mind flayers 17 Olog-hai 7 Nazgul 5 pit fiends a sandestin 4 hell hounds 12 titanotheres 7 trappers a baby amphitere a baby leviathan a baby sirrush 3 baby guivres 3 baby lindworms 2 guardian nagas 8 disenchanters 27 vampire lords 9 captains 2 shades 5 liches 7 clay golems 13 nurses 9 ice devils 3 nalfeshnees Aphrodite 7 lurkers above 2 Aleaxes 13 frost giants 15 ettins 2 golden nagas 19 black puddings 17 vampires 4 lieutenants 29 ghosts 12 locusts 8 winged gargoyles 5 mind flayers 15 giant mimics 11 zruties 2 fire giants 15 ogre kings 10 ice trolls 20 rock trolls 12 umber hulks 4 flesh golems 10 Elvenkings 7 doppelgangers 6 hezrous 9 bone devils 3 large mimics 3 wumpuses 5 fire vortices a baby purple worm 16 long worms 3 couatls 28 stalkers 2 air elementals 13 fire elementals 4 earth elementals 7 water elementals 12 hill giants 9 giant mummies 6 black nagas 5 xorns 25 giant zombies 17 elf-lords 26 sergeants 2 water demons 7 barbed devils 7 vrocks 2 salamanders 27 wargs 2 winter wolves 4 hell hound pups 9 small mimics 6 rodents of unusual size 12 warhorses 5 steam vortices 18 xans 5 ettin mummies 15 ogre lords 14 quantum mechanics 33 trolls 2 wood golems 3 erinyes 6 mariliths 3 sharks 3 electric eels 6 giant turtles 11 gelatinous cubes 3 pyrolisks 3 large dogs 5 freezing spheres 14 flaming spheres 5 shocking spheres 6 large cats 14 tigers 11 gargoyles a dwarf king 3 tengu 61 ochre jellies 14 leocrottas 6 energy vortices 7 mountain centaurs 5 elf mummies 5 human mummies 4 red nagas 9 green slimes 8 pit vipers 6 pythons 8 cobras 28 wraiths 13 carnivorous apes 37 ettin zombies 5 leather golems 34 Grey-elves 53 soldiers 2 watchmen 15 horned devils 9 succubi 13 incubi 4 chameleons 6 crocodiles 19 giant beetles 6 quivering blobs 31 cockatrices 22 wolves 11 winter wolf cubs 10 lynxes 6 panthers 70 gremlins 5 spotted jellies 31 leprechauns 9 orc-captains 15 iron piercers 7 mumakil 18 giant spiders 10 scorpions 20 horses 6 ice vortices 14 black lights 18 vampire bats 11 forest centaurs 8 gnome kings 5 orc mummies 4 dwarf mummies 11 ogres 28 brown puddings 22 rust monsters 20 owlbears 14 yetis 7 gold golems 5 werewolves 33 Green-elves 5 giant eels 17 lizards 2 pages 4 chickatrices 2 dogs 10 dingos 6 housecats 10 jaguars 10 blue jellies 2 white unicorns 6 gray unicorns 8 black unicorns 8 dust vortices 10 ravens 8 plains centaurs 7 gnome mummies 13 snakes 3 water moccasins 22 apes 39 human zombies 14 rope golems 32 Woodland-elves 29 soldier ants 14 fire ants 11 snow ants 17 bugbears 13 imps 89 lemures 109 quasits 13 wood nymphs 21 water nymphs 15 mountain nymphs 55 Mordor orcs 25 Uruk-hai 4 orc shamans 16 rock piercers 18 enormous rats 8 rock moles 12 ponies 10 fog clouds 24 yellow lights 4 shriekers 12 violet fungi 36 gnome lords 12 gnomish wizards 3 kobold mummies 5 black naga hatchlings 3 golden naga hatchlings 3 guardian naga hatchlings 10 gray oozes 7 barrow wights 24 elf zombies 14 ghouls 3 straw golems 5 paper golems 5 wax golems 6 jellyfish 27 giant ants 2 little dogs 8 floating eyes 2 kittens 11 dwarves 6 homunculi 2 kobold lords 6 kobold shamans 72 hill orcs 32 rothes 5 rabid rats 3 centipedes 5 giant bats 8 monkeys 12 orc zombies 7 dwarf zombies 4 wererats a werejackal 2 muggers 13 iguanas 21 killer bees 8 acid blobs 2 coyotes a gas spore 2 hobbits 18 manes 2 large kobolds 9 hobgoblins 11 giant rats 8 cave spiders 4 brown molds 9 yellow molds 5 green molds 2 red molds 89 gnomes 15 garter snakes 9 gnome zombies 12 geckos 7 jackals a kobold 3 goblins 2 sewer rats 14 grid bugs 9 lichens 7 kobold zombies 8 newts 3230 creatures vanquished. Genocided or extinct species: erinyes (extinct) 1 species extinct. Voluntary challenges: You used a wielded weapon 5634 times. You read items or engraved 215 times. You put on armor 161 times. You never genocided any monsters. You never polymorphed an object. You changed form 4 times. You used 3 wishes. You used 2 wishes for magical items. You wrote Elbereth's name 17 times. You encountered 1 bones level. You used 4 Sokoban shortcuts. Dungeon overview: The Dungeons of Doom: levels 1 to 28 Level 1 a long staircase Level 2 a scroll shop, a sink Level 3 an altar stairs to The Gnomish Mines Level 8 stairs to Sokoban Level 9 a sink stairs to Town Level 13 a delicatessen Level 14 portal to The Quest Level 16 a temple to Lugh Level 17 an altar to Lugh Level 18 a fountain, a sink Level 19 a fountain, many trees Level 21 a temple to Lugh Level 22 portal to One-eyed Sam's Market Level 25 an altar Level 26 a temple to Lugh Level 27 many trees Level 28 a magic chest, many trees Gehennom: levels 29 to 36 Level 29 <- You were here a temple, a magic chest stairs to The Dungeons of Doom Level 31 many fountains, a throne Level 34 a fountain The Gnomish Mines: levels 4 to 12 Level 4 stairs to The Dungeons of Doom Level 6 many shops, a temple, a magic chest, some fountains The Quest: levels 1 to 6 Level 1 a magic chest, a throne portal to The Dungeons of Doom Level 3 a temple Sokoban: levels 5 to 7 Level 7 a magic chest stairs to The Dungeons of Doom Town: levels 6 to 8 Level 6 many shops, some fountains, a sink Level 7 many fountains, many trees Level 8 stairs to The Dungeons of Doom One-eyed Sam's Market: Level 1 portal to The Dungeons of Doom History has recorded: On T:1 you entered the Dungeons of Doom to retrieve the Amulet of Yendor! On T:40 you reached level 2 of The Dungeons of Doom. On T:356 you reached level 3 of The Dungeons of Doom. On T:419 you advanced to experience level 2. On T:530 you advanced to experience level 3. On T:555 you reached level 4 of The Dungeons of Doom. On T:823 you reached level 5 of The Dungeons of Doom. On T:1020 you reached level 6 of The Dungeons of Doom. On T:1031 you advanced to experience level 4. On T:1158 you reached level 7 of The Dungeons of Doom. On T:1320 you advanced to experience level 5. On T:1330 you reached level 8 of The Dungeons of Doom. On T:1690 you reached level 9 of The Dungeons of Doom. On T:1738 you reached level 3 of Town. On T:1817 you advanced to experience level 6. On T:1868 you reached level 10 of The Dungeons of Doom. On T:1922 you advanced to experience level 7. On T:2087 you reached level 3 of Sokoban. On T:2114 you advanced to experience level 8. On T:3227 you reached level 1 of The Gnomish Mines. On T:3347 you reached level 3 of The Gnomish Mines. On T:3432 you reached level 2 of The Gnomish Mines. On T:3728 you reached level 4 of The Gnomish Mines. On T:3732 you reached level 5 of The Gnomish Mines. On T:3872 you reached level 6 of The Gnomish Mines. On T:3903 you reached level 7 of The Gnomish Mines. On T:3978 you advanced to experience level 9. On T:4100 you reached level 9 of The Gnomish Mines. On T:4277 you advanced to experience level 10. On T:4693 you reached level 8 of The Gnomish Mines. On T:7207 you reached level 11 of The Dungeons of Doom. On T:7527 you reached level 12 of The Dungeons of Doom. On T:7551 you advanced to experience level 11. On T:7932 you reached level 13 of The Dungeons of Doom. On T:8389 you reached level 14 of The Dungeons of Doom. On T:8400 you reached level 15 of The Dungeons of Doom. On T:8455 you reached level 1 of The Quest. On T:8576 you embarked upon an epic quest. On T:8598 you reached level 2 of The Quest. On T:8673 you reached level 3 of The Quest. On T:9297 you reached level 16 of The Dungeons of Doom. On T:9568 you reached level 17 of The Dungeons of Doom. On T:9700 you reached level 18 of The Dungeons of Doom. On T:9726 you reached level 19 of The Dungeons of Doom. On T:9907 you advanced to experience level 12. On T:9993 you reached level 20 of The Dungeons of Doom. On T:10300 you reached level 21 of The Dungeons of Doom. On T:10425 you reached level 22 of The Dungeons of Doom. On T:10588 you reached level 23 of The Dungeons of Doom. On T:10809 you reached level 24 of The Dungeons of Doom. On T:10959 you reached level 25 of The Dungeons of Doom. On T:11252 you reached level 26 of The Dungeons of Doom. On T:11443 you reached level 27 of The Dungeons of Doom. On T:12645 you reached level 2 of Sokoban. On T:12884 you reached level 1 of Sokoban. On T:13724 you reached level 2 of Town. On T:13740 you reached level 1 of Town. On T:14376 you advanced to experience level 13. On T:14377 you advanced to experience level 14. On T:14880 you reached level 4 of The Quest. On T:15002 you reached level 5 of The Quest. On T:15024 you reached level 6 of The Quest. On T:15763 you reached The Castle. On T:15844 you killed Medusa on level 27 of The Dungeons of Doom. On T:28153 you advanced to experience level 13. On T:32950 you reached level 1 of One-eyed Sam's Market. On T:35871 you killed Ixoth on level 6 of The Quest. On T:36779 you completed the quest! On T:40471 you killed Aphrodite on level 2 of Town. On T:42050 you advanced to experience level 14. On T:43774 you reached The Valley of the Dead. On T:44182 you wished for "The Mitre of Holiness". On T:44184 you wished for "Mitre of Holiness". On T:44439 you advanced to experience level 17. On T:44658 you received Sunsword from Lugh. On T:45416 you wished for "Blessed Figurine of a Ki-rin". On T:56397 you received a rustproof katana of telepathy from Lugh. On T:57070 you advanced to experience level 18. On T:58281 you received a rustproof katana of searching from Lugh. On T:58384 you advanced to experience level 19. On T:59187 you advanced to experience level 20. On T:66782 you advanced to experience level 21. On T:67421 you advanced to experience level 22. On T:67759 you reached level 2 of Gehennom. On T:68005 you advanced to experience level 23. On T:74998 you reached level 3 of Gehennom. On T:78359 you reached level 4 of Gehennom. On T:78369 you killed Asmodeus on level 4 of Gehennom. On T:79160 you reached level 5 of Gehennom. On T:80153 you reached level 6 of Gehennom. On T:80306 you killed Juiblex on level 6 of Gehennom. On T:81446 you reached level 7 of Gehennom. On T:81698 you reached level 8 of Gehennom. On T:83624 you killed Yeenoghu on level 8 of Gehennom. Latest messages: [HP-13=58] You hit the minotaur! The minotaur misses. (3x) The invisible master lich touches you! The invisible master lich points at you, then curses. The minotaur hits! (2x) The minotaur butts! [HP-33=25] You feel much better. The minotaur misses. The minotaur hits! The minotaur misses. The invisible master lich touches you! The air crackles around the invisible master lich. [HP+10=35] You hit the invisible master lich! A wave of psychic energy pours over you! It locks on to your telepathy! The minotaur hits! (2x) You die... Final status: Fare thee well Jeanne the Knight... You died in Gehennom on dungeon level 29 with 27730 points, and 5199 pieces of gold, after 84377 moves. You were level 23 with a maximum of 151 hit points when you died.